 Dungeon Crawl Stone Soup version 0.29.0-4-gdea44cf6ec (webtiles) character file.

Game seed: 8945212275543926444

3774 qw the Cleaver (level 10, -3/60 HPs)
             Began as a Tengu Warper on Aug 28, 2022.
             Was a Believer of Okawaru.
             Slain by a killer bee (4 damage)
             ... on level 8 of the Dungeon.
             The game lasted 00:00:54 (9570 turns).

qw the Cleaver (Tengu Warper)                       Turns: 9570, Time: 00:00:54

Health: -3/60      AC: 14    Str: 19    XL:     10   Next: 16%
Magic:  13/14      EV: 11    Int: 14    God:    Okawaru [**....]
Gold:   506        SH:  6    Dex: 18    Spells: 13/13 levels left

rFire   . . .      SeeInvis +   s - +2 war axe
rCold   . . .      Faith    .   c - +0 buckler
rNeg    . . .      Spirit   .   i - +0 plate armour
rPois   .          Reflect  .   (helmet restricted)
rElec   .          Harm     .   (no cloak)
rCorr   .          Rampage  .   (no gloves)
Will    .....                   (boots unavailable)
Stlth   ..........              a - amulet of the acrobat
HPRegen 0.20/turn               m - ring of see invisible
MPRegen 0.14/turn               l - +6 ring of dexterity

@: lethally poisoned (-3 -> -20), heroic, flying quickly and evasively, quick
A: beak, talons 3, nimble flight, horns 1, strong 1
a: Renounce Religion, Heroism


You were on level 8 of the Dungeon.
You worshipped Okawaru.
Okawaru was pleased with you.
You visited 2 branches of the dungeon, and saw 9 of its levels.

You collected 506 gold pieces.


Innate Abilities, Weirdness & Mutations

You have a beak for a mouth.
You have claws for feet.
Your magical nature lets you fly swiftly and evasively.
You have a pair of small horns on your head.
Your muscles are strong. (Str +4, Int/Dex -1)


   Skills:
 - Level 5.7(10.7) Fighting
 - Level 11.1(16.1) Axes
 + Level 2.9(7.9) Throwing
 - Level 5.7(10.7) Armour
 - Level 3.5(8.5) Dodging
 - Level 3.0(8.0) Shields
 - Level 2.0 Spellcasting
 - Level 2.4 Translocations
 - Level 4.0 Invocations


You had 13 spell levels left.
You didn't know any spells.
Your spell library contained the following spells:

 Spells                   Type           Power      Damage    Failure   Level
 Blink                    Tloc           16%        N/A       97%         2
 Gell's Gravitas          Tloc           8%         N/A       99%         3
 Lesser Beckoning         Tloc           8%         N/A       99%         3
 Teleport Other           Tloc           8%         N/A       99%         3
 Manifold Assault         Tloc           8%         N/A       100%        5

Inventory:

Hand Weapons
 q - the +2 mace of Currency {vamp, rC- Dex+3 SInv}
   (You found it on level 6 of the Dungeon)

   It occasionally heals its wielder for a portion of the damage dealt when it
   wounds a living foe.
   Dex:       It affects your dexterity (+3).
   rC:        It makes you vulnerable to cold.
   SInv:      It lets you see invisible.
 s - a +2 war axe (weapon)
Missiles
 e - a javelin
 k - 5 boomerangs (quivered)
Armour
 b - an orb of light
 c - a +0 buckler (worn)
 i - a +0 plate armour (worn)
Jewellery
 a - an amulet of the acrobat (around neck)
 l - a +6 ring of dexterity (right hand)
 m - a ring of see invisible (left hand)
 Y - a ring of resist corrosion
Scrolls
 g - a scroll of identify
Potions
 f - a potion of might
 j - 2 potions of mutation
 o - a potion of haste
 p - 4 potions of curing
 r - a potion of resistance

Dungeon Overview and Level Annotations

Branches:
Dungeon (8/15)             Temple (1/1) D:6
   Lair: D:8-11

Altars:
Ashenzari
Cheibriados
Dithmenos
Elyvilon
Fedhas
Gozag
Hepliaklqana
Kikubaaqudgha
Makhleb
Nemelex Xobeh
Okawaru
Qazlal
Ru
Sif Muna
Trog
Uskayaw
Vehumet
Wu Jian
Xom
Yredelemnul
Zin
The Shining One

Shops:
D:7 :


Message History

You are lethally poisoned!
The killer bee poisons you! The killer bee completely misses you.
The killer bee stings you. You block the killer bee's attack.
The killer bee closely misses you. You block the killer bee's attack.
The killer bee stings you but does no damage.
The killer bee misses you.
You slash the killer bee!
You kill the killer bee!
Okawaru accepts your kill.
You slash the killer bee! You hit the killer bee. You miss the killer bee.
You feel very sick. You block the killer bee's attack. x3
You slash the killer bee!
You kill the killer bee!
Okawaru accepts your kill.
You hit the killer bee. You miss the killer bee.
You feel very sick.
The killer bee stings you but does no damage.
The killer bee closely misses you. The killer bee stings you.
The killer bee stings you but does no damage.
You miss the killer bee. Your kick misses the killer bee.
Your peck misses the killer bee.
The killer bee is heavily wounded.
You hit the killer bee but do no damage.
You feel very sick. The killer bee barely misses you.
The killer bee closely misses you.
You hit the killer bee. You claw the killer bee.
You kill the killer bee!
Okawaru accepts your kill.
You miss the killer bee.
You feel very sick. You block the killer bee's attack.
The killer bee stings you.
You are more poisoned.
The killer bee poisons you!
You slash the killer bee! Your headbutt misses the killer bee.
The killer bee is heavily wounded.
You hit the killer bee. x2
You feel very sick. You block the killer bee's attack.
The killer bee stings you.
You die... ...##...## ........###...##...... ........##..........##....#...... ....................#..###....##. ...#############......## ##..## # ..## PPP

#.....## ##.## # .##
.... ##....# ##...####
## .....
#.....####.....##. .####
.PPP.y#..###.#....#.....
....# .....yy@.#
##....###.... ###.#
......yy.# ##..###..#..
##.# .PPPP.##.#
#.....###.. ##..# ......
#.# ##<.##..###. ...##
..... #..####..####.# ##
..##


PPPPP ##......# #.## # .## ## ######### #..###.## ##.### .# #.##.......###.#
#..# #..## .# #.##...##....#.# ##.####.... You could see 5 killer bees.

Vanquished Creatures
  Maggie (D:8)
  Psyche (D:8)
  A queen bee (D:8)
  A hornet (D:7)
  A steam dragon (D:4)
  3 water moccasins
  An ice beast (D:7)
  A hornet zombie (D:7)
  2 ogres
  A phantom (D:5)
  2 centaurs
  3 scorpions
  2 gnoll sergeants
  2 necrophages
  2 wyvern zombies (D:7)
  A wight (D:7)
  6 killer bees (D:8)
  A howler monkey (D:7)
  4 bullfrog zombies (D:7)
  3 hounds
  A human zombie (D:7)
  An orc priest (D:7)
  A jelly (D:5)
  7 iguanas
  4 orc wizards
  2 mummies (D:7)
  7 adders
  10 gnolls
  3 shadow imps
  2 white imps (D:8)
  2 ufetubi (D:5)
  4 dart slugs
  16 orcs
  7 endoplasms
  5 giant cockroaches
  7 goblins
  8 hobgoblins
  7 jackals
  5 quokkas
  6 ball pythons
  7 bats
  5 frilled lizards
  6 kobolds
  5 rats
167 creatures vanquished.

Vanquished Creatures (others)
  5 plants (D:8)
5 creatures vanquished.

Grand Total: 172 creatures vanquished

Notes
Turn   | Place    | Note
-------+----------+-------------------------------------------
     0 | D:1      | qw the Tengu Warper began the quest for the Orb.
     0 | D:1      | Reached XP level 1. HP: 12/12 MP: 4/4
     0 | D:1      | 0 ||| qw: Version: 0.1-a-89-g26bdef1
     0 | D:1      | 0 ||| qw: Game counter: 2997
     0 | D:1      | 0 ||| qw: Always use a shield: true
     0 | D:1      | 0 ||| qw: God list: Okawaru
     0 | D:1      | 0 ||| qw: Allow faded altars: false
     0 | D:1      | 0 ||| qw: Do Orc after D:15 true
     0 | D:1      | 0 ||| qw: Do second Lair branch before Depths: true
     0 | D:1      | 0 ||| qw: Lair rune preference: random
     0 | D:1      | 0 ||| qw: Plans: Normal
     0 | D:1      | 0 ||| PLANNING D:1-11
    42 | D:1      | Found a faded altar of an unknown god.
    47 | D:1      | 47 ||| Stepping ~*~*~tactically~*~*~ (hiding).
    97 | D:1      | Reached XP level 2. HP: 17/17 MP: 6/6
   159 | D:1      | Reached skill level 3 in Axes
   362 | D:1      | 362 ||| Stepping ~*~*~tactically~*~*~ (hiding).
   497 | D:1      | 497 ||| Stepping ~*~*~tactically~*~*~ (stealth).
   507 | D:1      | 507 ||| Stepping ~*~*~tactically~*~*~ (stealth).
   508 | D:1      | 508 ||| Stepping ~*~*~tactically~*~*~ (stealth).
   829 | D:1      | 829 ||| UPGRADING to +0 ring mail.
   839 | D:1      | 839 ||| DROPPING +0 leather armour.
   840 | D:1      | 840 ||| UPGRADING to +6 ring of dexterity.
   841 | D:1      | 841 ||| READING 2 scrolls labelled IWUBYPS LOMOGH.
   842 | D:1      | 842 ||| READING scroll labelled HIMASHR IHEDIESH.
   843 | D:1      | 843 ||| READING scroll labelled IKOR NUVIPS.
   844 | D:1      | 844 ||| READING scroll labelled FUCWAO QITU.
   849 | D:1      | 849 ||| DRINKING 2 murky blue potions.
   850 | D:1      | 850 ||| DROPPING scroll of fear.
   851 | D:1      | 851 ||| DROPPING scroll of blinking.
   940 | D:2      | 940 ||| Stepping ~*~*~tactically~*~*~ (stealth).
   946 | D:2      | Reached XP level 3. HP: 21/21 MP: 7/7
   959 | D:2      | Reached skill level 4 in Axes
  1236 | D:2      | 1236 ||| Stepping ~*~*~tactically~*~*~ (hiding).
  1593 | D:2      | 1593 ||| Stepping ~*~*~tactically~*~*~ (stealth).
  1594 | D:2      | 1594 ||| Stepping ~*~*~tactically~*~*~ (stealth).
  1596 | D:2      | 1596 ||| Stepping ~*~*~tactically~*~*~ (stealth).
  1713 | D:2      | 1713 ||| READING scroll labelled JOTYD ONWUXZYCANE.
  1714 | D:2      | 1714 ||| READING scroll labelled COVUCRONNI.
  1715 | D:2      | 1715 ||| READING scroll labelled ONYEFO YMPUET.
  1716 | D:2      | 1716 ||| READING scroll labelled LARGHE IGEQEL.
  1717 | D:2      | 1717 ||| READING scroll labelled XISSYR AQOMIO.
  1718 | D:2      | 1718 ||| Stepping randomly (stuck).
  1719 | D:2      | 1719 ||| Stepping ~*~*~tactically~*~*~ (cloud).
  1720 | D:2      | 1720 ||| DRINKING potion of curing.
  1720 | D:2      | 1720 ||| (to cure poison)
  1936 | D:3      | 1936 ||| Stepping ~*~*~tactically~*~*~ (stealth).
  1937 | D:3      | 1937 ||| Stepping ~*~*~tactically~*~*~ (stealth).
  2014 | D:3      | Reached XP level 4. HP: 26/26 MP: 8/8
  2014 | D:3      | 2014 ||| READING scroll of enchant weapon.
  2014 | D:3      | 2014 ||| ENCHANTING +1 hand axe.
  2087 | D:3      | 2087 ||| Stepping ~*~*~tactically~*~*~ (hiding).
  2153 | D:3      | 2153 ||| READING scroll of enchant weapon.
  2153 | D:3      | 2153 ||| ENCHANTING +2 hand axe.
  2170 | D:3      | 2170 ||| Stepping ~*~*~tactically~*~*~ (stealth).
  2220 | D:3      | Reached skill level 5 in Axes
  2234 | D:3      | Found a sparkling altar of Nemelex Xobeh.
  2252 | D:3      | Found a sacrificial altar of Ru.
  2342 | D:3      | Found a broken altar of Ashenzari.
  2372 | D:3      | 2372 ||| Stepping ~*~*~tactically~*~*~ (stealth).
  2373 | D:3      | 2373 ||| Stepping ~*~*~tactically~*~*~ (stealth).
  2739 | D:3      | 2739 ||| UPGRADING to +0 buckler.
  2744 | D:3      | 2744 ||| UPGRADING to amulet of the acrobat.
  2749 | D:3      | 2749 ||| DRINKING 2 orange potions.
  2750 | D:3      | 2750 ||| READING 3 scrolls of identify.
  2750 | D:3      | 2750 ||| IDENTIFYING amethyst potion
  2751 | D:3      | 2751 ||| READING 2 scrolls of identify.
  2751 | D:3      | 2751 ||| IDENTIFYING grey potion
  2752 | D:3      | 2752 ||| DROPPING potion of flight.
  2753 | D:3      | 2753 ||| DROPPING potion of attraction.
  2781 | D:4      | 2781 ||| STAIRDANCE
  2828 | D:4      | Noticed a centaur
  2835 | D:4      | Killed a centaur
  2836 | D:4      | Gained mutation: Your magical nature lets you fly swiftly
                  | and evasively. [Tengu growth]
  2836 | D:4      | Reached XP level 5. HP: 24/30 MP: 9/9
  2997 | D:4      | Noticed a steam dragon
  2998 | D:4      | 2998 ||| Stepping ~*~*~tactically~*~*~ (hiding).
  3007 | D:4      | Killed a steam dragon
  3008 | D:4      | Reached skill level 6 in Axes
  3008 | D:4      | Reached XP level 6. HP: 22/35 MP: 10/10
  3020 | D:4      | 3020 ||| FLEEEEING.
  3021 | D:4      | 3021 ||| FLEEEEING.
  3022 | D:4      | 3022 ||| FLEEEEING.
  3023 | D:4      | 3023 ||| FLEEEEING.
  3025 | D:4      | 3025 ||| FLEEEEING.
  3026 | D:4      | 3026 ||| FLEEEEING.
  3027 | D:4      | 3027 ||| FLEEEEING.
  3033 | D:4      | 3033 ||| FLEEEEING.
  3034 | D:4      | 3034 ||| FLEEEEING.
  3036 | D:4      | 3036 ||| FLEEEEING.
  3037 | D:4      | 3037 ||| FLEEEEING.
  3038 | D:4      | 3038 ||| FLEEEEING.
  3039 | D:4      | 3039 ||| FLEEEEING.
  3040 | D:4      | 3040 ||| FLEEEEING.
  3041 | D:4      | 3041 ||| FLEEEEING.
  3042 | D:4      | 3042 ||| FLEEEEING.
  3043 | D:4      | 3043 ||| FLEEEEING.
  3044 | D:4      | 3044 ||| FLEEEEING.
  3045 | D:4      | 3045 ||| FLEEEEING.
  3046 | D:4      | 3046 ||| FLEEEEING.
  3047 | D:4      | 3047 ||| FLEEEEING.
  3050 | D:4      | 3050 ||| FLEEEEING.
  3051 | D:4      | 3051 ||| FLEEEEING.
  3052 | D:4      | 3052 ||| FLEEEEING.
  3053 | D:4      | 3053 ||| FLEEEEING.
  3054 | D:4      | 3054 ||| FLEEEEING.
  3055 | D:4      | 3055 ||| FLEEEEING.
  3056 | D:4      | 3056 ||| FLEEEEING.
  3057 | D:4      | 3057 ||| FLEEEEING.
  3059 | D:4      | 3059 ||| FLEEEEING.
  3060 | D:4      | 3060 ||| FLEEEEING.
  3061 | D:4      | 3061 ||| FLEEEEING.
  3062 | D:4      | 3062 ||| STAIRDANCE
  3173 | D:4      | You are sucked into a shaft and drop 1 floor!
  3173 | D:5      | Entered Level 5 of the Dungeon
  3292 | D:5      | 3292 ||| UPGRADING to +0 chain mail.
  3302 | D:5      | 3302 ||| DROPPING +0 ring mail.
  3303 | D:5      | 3303 ||| READING scroll labelled FONEUR CUXURE.
  3304 | D:5      | 3304 ||| READING 2 scrolls of identify.
  3304 | D:5      | 3304 ||| IDENTIFYING white potion
  3325 | D:4      | Reached XP level 7. HP: 38/40 MP: 11/11
  3422 | D:4      | 3422 ||| Stepping ~*~*~tactically~*~*~ (stealth).
  3653 | D:4      | 3653 ||| Stepping ~*~*~tactically~*~*~ (stealth).
  3757 | D:4      | 3757 ||| Stepping ~*~*~tactically~*~*~ (stealth).
  3887 | D:4      | 3887 ||| DRINKING 2 bubbling clear potions.
  3887 | D:4      | Gained mutation: You have a pair of small horns on your
                  | head. [potion of mutation]
  3887 | D:4      | Gained mutation: Your muscles are strong. (Str +4, Int/Dex
                  | -1) [potion of mutation]
  3907 | D:5      | 3907 ||| STAIRDANCE
  3912 | D:4      | Reached skill level 7 in Axes
  3927 | D:5      | 3927 ||| STAIRDANCE
  4098 | D:5      | Reached skill level 3 in Fighting
  4136 | D:5      | 4136 ||| Stepping ~*~*~tactically~*~*~ (stealth).
  4145 | D:5      | 4145 ||| Stepping ~*~*~tactically~*~*~ (stealth).
  4464 | D:5      | Reached skill level 8 in Axes
  4476 | D:5      | Reached XP level 8. HP: 46/46 MP: 12/12
  4486 | D:5      | 4486 ||| Stepping ~*~*~tactically~*~*~ (stealth).
  4536 | D:5      | 4536 ||| FLEEEEING.
  4537 | D:5      | 4537 ||| FLEEEEING.
  4555 | D:5      | HP: 9/46 [scorpion (4)]
  4556 | D:5      | 4556 ||| READING scroll of teleportation.
  4557 | D:5      | 4557 ||| DRINKING potion of heal wounds.
  4834 | D:5      | Reached skill level 9 in Axes
  4868 | D:5      | 4868 ||| Stepping ~*~*~tactically~*~*~ (stealth).
  4869 | D:5      | 4869 ||| Stepping ~*~*~tactically~*~*~ (stealth).
  4871 | D:5      | 4871 ||| Stepping ~*~*~tactically~*~*~ (hiding).
  5103 | D:5      | Reached skill level 3 in Dodging
  5244 | D:5      | 5244 ||| SWAPPING to +0 war axe.
  5245 | D:5      | 5245 ||| DROPPING +3 hand axe.
  5298 | D:5      | 5298 ||| UPGRADING to +0 plate armour.
  5308 | D:5      | 5308 ||| DROPPING +0 chain mail.
  5309 | D:5      | 5309 ||| DROPPING +6 ring of intelligence.
  5310 | D:5      | 5310 ||| READING 2 scrolls of identify.
  5310 | D:5      | 5310 ||| IDENTIFYING emerald potion
  5311 | D:5      | 5311 ||| DROPPING potion of degeneration.
  5360 | D:6      | Reached skill level 3 in Armour
  5364 | D:6      | 5364 ||| DROPPING +0 whip.
  5383 | D:6      | Found a staircase to the Ecumenical Temple.
  5384 | D:6      | 5384 ||| PLANNING TEMPLE
  5392 | Temple   | Entered the Ecumenical Temple
  5438 | Temple   | Became a worshipper of Warmaster Okawaru
  5495 | Temple   | 5495 ||| PLANNING D:1-11
  5540 | D:6      | HP: 7/46 [gnoll sergeant/+0 spear (8)]
  5541 | D:6      | 5541 ||| READING scroll of teleportation.
  5541 | D:6      | HP: 2/46 [gnoll/+0 halberd[a gnoll sergeant] (5)]
  5542 | D:6      | 5542 ||| DRINKING 2 potions of heal wounds.
  5549 | D:6      | HP: 8/46 [gnoll/+0 spear[a gnoll sergeant] (4)]
  5550 | D:6      | 5550 ||| DRINKING potion of heal wounds.
  6271 | D:6      | Identified the +2 mace of Currency {vamp, rC- Dex+3 SInv}
  6273 | D:6      | 6273 ||| DROPPING +0 flail.
  6389 | D:6      | 6389 ||| DROPPING orb of energy.
  6390 | D:6      | 6390 ||| UPGRADING to ring of resist corrosion.
  6391 | D:6      | 6391 ||| UPGRADING to ring of see invisible.
  6393 | D:6      | 6393 ||| UPGRADING to +6 ring of dexterity.
  6395 | D:6      | 6395 ||| READING 2 scrolls of identify.
  6395 | D:6      | 6395 ||| IDENTIFYING coppery potion
  6396 | D:6      | 6396 ||| DROPPING potion of brilliance.
  6453 | D:7      | 6453 ||| FLEEEEING.
  6454 | D:7      | 6454 ||| FLEEEEING.
  6455 | D:7      | 6455 ||| FLEEEEING.
  6456 | D:7      | 6456 ||| FLEEEEING.
  6457 | D:7      | 6457 ||| FLEEEEING.
  6458 | D:7      | 6458 ||| FLEEEEING.
  6459 | D:7      | 6459 ||| STAIRDANCE
  6527 | D:6      | 6527 ||| READING 2 scrolls of identify.
  6527 | D:6      | 6527 ||| IDENTIFYING murky grey potion
  6528 | D:6      | 6528 ||| DROPPING potion of lignification.
  6535 | D:7      | 6535 ||| STAIRDANCE
  6743 | D:7      | Reached XP level 9. HP: 52/52 MP: 13/13
  6754 | D:7      | 6754 ||| Stepping ~*~*~tactically~*~*~ (stealth).
  6757 | D:7      | 6757 ||| Stepping ~*~*~tactically~*~*~ (stealth).
  6770 | D:7      | HP: 12/52 [water moccasin (3)]
  6771 | D:7      | 6771 ||| DRINKING potion of heal wounds.
  6776 | D:7      | Reached skill level 10 in Axes
  6778 | D:7      | HP: 13/52 [poisoned by a water moccasin]
  6783 | D:7      | HP: 8/52 [poisoned by a water moccasin]
  7093 | D:7      | 7093 ||| Stepping ~*~*~tactically~*~*~ (stealth).
  7095 | D:7      | 7095 ||| Stepping ~*~*~tactically~*~*~ (hiding).
  7111 | D:7      | Reached skill level 3 in Shields
  7447 | D:7      | 7447 ||| READING scroll of enchant weapon.
  7447 | D:7      | 7447 ||| ENCHANTING +0 war axe.
  7538 | D:7      | Noticed a hornet
  7543 | D:7      | Killed a hornet
  7543 | D:7      | Reached * piety under Okawaru
  7718 | D:7      | Found Zoledewy's Book Boutique.
  7852 | D:7      | Reached skill level 1 in Invocations
  7875 | D:7      | 7875 ||| INVOKING Heroism.
  8031 | D:7      | Found a basalt altar of Yredelemnul.
  8087 | D:7      | 8087 ||| DRINKING 2 viscous red potions.
  8088 | D:7      | 8088 ||| READING 2 scrolls of identify.
  8088 | D:7      | 8088 ||| IDENTIFYING purple potion
  8103 | D:8      | Found a bloodstained altar of Trog.
  8103 | D:8      | Noticed Maggie
  8104 | D:8      | 8104 ||| Stepping ~*~*~tactically~*~*~ (hiding).
  8117 | D:8      | 8117 ||| INVOKING Heroism.
  8119 | D:8      | Killed Maggie
  8120 | D:8      | Reached skill level 3 in Invocations
  8401 | D:8      | Noticed Psyche
  8402 | D:8      | 8402 ||| Stepping ~*~*~tactically~*~*~ (hiding).
  8406 | D:8      | 8406 ||| INVOKING Heroism.
  8413 | D:8      | Killed Psyche
  8413 | D:8      | Reached ** piety under Okawaru
  8414 | D:8      | Reached skill level 11 in Axes
  8955 | D:8      | 8955 ||| Stepping ~*~*~tactically~*~*~ (stealth).
  8962 | D:8      | 8962 ||| Stepping ~*~*~tactically~*~*~ (stealth).
  9021 | D:8      | 9021 ||| READING scroll of enchant weapon.
  9021 | D:8      | 9021 ||| ENCHANTING +1 war axe.
  9241 | D:8      | 9241 ||| Stepping ~*~*~tactically~*~*~ (hiding).
  9242 | D:8      | 9242 ||| Stepping ~*~*~tactically~*~*~ (stealth).
  9253 | D:8      | 9253 ||| INVOKING Heroism.
  9255 | D:8      | Reached XP level 10. HP: 41/60 MP: 11/14
  9261 | D:8      | 9261 ||| Stepping ~*~*~tactically~*~*~ (stealth).
  9262 | D:8      | 9262 ||| Stepping ~*~*~tactically~*~*~ (stealth).
  9425 | D:8      | Found an ancient bone altar of Kikubaaqudgha.
  9555 | D:8      | 9555 ||| INVOKING Heroism.
  9567 | D:8      | HP: 13/60 [poisoned by a killer bee]
  9569 | D:8      | HP: 5/60 [poisoned by a killer bee]
  9570 | D:8      | HP: 1/60 [poisoned by a killer bee]
  9570 | D:8      | Slain by a killer bee

Levels and vault maps discovered:
D:1:      dpeg_arrival_erosion, layout_rooms, shapermc_ecumenical_altar_venn,
          minmay_split_cup_small
D:2:      layout_loops_cross
D:3:      layout_loops_corners, nemelex_dance_club_becter,
          mainiacjoe_overflow_large_starburst, kennysheep_path_1
D:4:      layout_loops_ring
D:5:      layout_cave_pods, minmay_increasing_density
D:6:      layout_cave_pools, minmay_temple_entry_overgrown, dk_noncrumbling_2
D:7:      layout_rooms, lemuel_mausoleum_altar_yredelemnul, serial_shops,
          nicolae_lakefront_shop
D:8:      layout_layer_cave, mainiacjoe_overflow_catwalk, lemuel_crystal_altar,
          roderic_serpentine_path, nicolae_looking_at_the_future, uniq_maggie,
          uniq_psyche
Temple:   kb_temple_of_zot

Skill      XL: |  1  2  3  4  5  6  7  8  9 10 |
---------------+-------------------------------+-----
Axes           | 3 4 5 6 8 9 11 | 11.1
Shields        | 2 3 |  3.0
Armour         | 2 4 5 |  5.7
Fighting       | 3 4 5 |  5.7
Dodging        | 3 |  3.5
Throwing       | 2 |  2.9
Invocations    | 4 |  4.0
Spellcasting   | |  2.0
Translocations | |  2.4

Action                   |  1- 3 |  4- 6 |  7- 9 | 10-12 || total
-------------------------+-------+-------+-------+-------++-------
Melee: Hand axe          |    96 |    64 |    86 |       ||   246
       Kick              |    23 |    18 |    89 |     3 ||   133
       Peck              |    11 |    13 |    55 |     3 ||    82
       Punch             |     1 |       |       |       ||     1
       Headbutt          |       |       |    54 |     2 ||    56
       War axe           |       |       |   170 |    20 ||   190
Throw: Boomerang         |     7 |     2 |    30 |     1 ||    40
       Javelin           |       |    13 |    22 |     1 ||    36
Invok: Heroism           |       |       |     4 |     1 ||     5
  Use: Scroll            |     9 |     6 |     8 |       ||    23
       Potion            |     2 |     1 |     6 |       ||     9
 Stab: Sleeping          |       |     1 |       |       ||     1
Armor: Leather armour    |     9 |       |       |       ||     9
       Ring mail         |    19 |    16 |       |       ||    35
       Chain mail        |       |     2 |    21 |       ||    23
       Plate armour      |       |       |    58 |    17 ||    75
Dodge: Dodged            |    61 |    33 |    94 |    21 ||   209
Block: Buckler           |       |     6 |    63 |    12 ||    81

Table legend:
 A = Non-vault XP
 B = Vault XP
 C = Vault XP percentage of total XP
 D = Non-vault monster count
 E = Vault monster count
 F = Vault count percentage of total count
                 A         B        C        D         E       F
            +---------+---------+-------+---------+---------+-------
      Total |    2939 |    2453 |  45.5 |     131 |      36 |  21.6
            +---------+---------+-------+---------+---------+-------
        D:1 |      26 |       6 |  18.8 |      15 |       3 |  16.7
        D:2 |      35 |       0 |   0.0 |      14 |       0 |   0.0
        D:3 |      74 |       5 |   6.3 |      23 |       2 |   8.0
        D:4 |     504 |       0 |   0.0 |      26 |       0 |   0.0
        D:5 |     668 |     305 |  31.3 |      10 |      10 |  50.0
        D:6 |     543 |       0 |   0.0 |      12 |       0 |   0.0
        D:7 |     838 |     720 |  46.2 |      16 |      12 |  42.9
        D:8 |     251 |    1417 |  85.0 |      15 |       9 |  37.5
            +---------+---------+-------+---------+---------+-------
